 Dungeon Crawl Stone Soup version 0.16-a0-3585-g2f5ff90 (webtiles) character file.

626723 BluebellGnoll the Acrobat (level 26, -7/113 HPs)
             Began as a Spriggan Enchanter on Jan 4, 2015.
             Was a High Priest of Dithmenos.
             Mangled by a reaper
             ... wielding a +2 vampiric scythe
              (29 damage)
             ... on level 2 of the Depths on Jan 11, 2015.
             The game lasted 16:07:45 (124857 turns).

BluebellGnoll the Acrobat (Spriggan Enchanter)    Turns: 124857, Time: 16:07:45

Health: -7/113     AC:  8    Str:  4    XL:     26   Next: 67%
Magic:  41/54      EV: 39    Int: 29    God:    Dithmenos [*****.]
Gold:   5714       SH: 11    Dex: 18    Spells: 17 memorised, 0 levels left

rFire  + . .     SeeInvis +     b - +6 rapier of Noon {speed, rC++ rN+}
rCold  + + +     Clarity  +     Z - +2 robe {rC+ rF+}
rNeg   + + .     SustAb   .     Y - +2 buckler {reflect}
rPois  +         Gourm    .     J - +2 hat
rElec  .         Spirit   .     r - +0 cloak {rPois}
rCorr  .         Warding  .     (gloves unavailable)
rMut   .         Stasis   .     (boots unavailable)
MR     ++++.                    A - amulet of clarity
Stlth  ++++++++++               E - ring of magical power
                                S - ring "Yprolirr" {+Twstr rN+ Slay+5}

@: regenerating, wreathed by umbra, very quick, incredibly resistant to hostile
enchantments, uncannily stealthy
A: unfitting armour, molten scales 1, see invisible, clever 1, herbivore 3,
speed 3, frail 1, slow metabolism 2, spit poison 1
a: Spit Poison, Shadow Step, Shadow Form, Renounce Religion, Evoke Twister
}: 4/15 runes: serpentine, barnacled, slimy, silver


You were on level 2 of the Depths.
You worshipped Dithmenos.
Dithmenos was extremely pleased with you.
You were very full.

You visited 13 branches of the dungeon, and saw 61 of its levels.
You visited 1 ziggurat, and saw 7 of its levels.
You also visited: Sewer, Ossuary and Bailey.

You collected 9152 gold pieces.
You spent 3438 gold pieces at shops.

Inventory:

Hand weapons
 b - the +6 rapier of Noon (weapon) {speed, rC++ rN+}
   (You bought it in a shop on level 4 of the Orcish Mines)

   Attacks with this weapon are significantly faster.
   It greatly protects you from cold.
   It protects you from negative energy.
Missiles
 H - 10 throwing nets (quivered)
Armour
 r - a +0 cloak of poison resistance (worn)
 J - a +2 hat (worn)
 Y - a +2 buckler of reflection (worn)
 Z - a +2 robe of resistance (worn)
Rods
 h - a +3 lightning rod (14/14)
   (You took it off a minotaur on level 1 of the Depths)
Jewellery
 c - an uncursed ring of sustain abilities
 q - the ring of Qestedwi {+Blink rN+ SInv}
   (You found it on level 8 of the Lair of Beasts)

   [ring of positive energy]

   It protects you from negative energy.
   It enhances your eyesight.
   It lets you blink.
 A - an amulet of clarity (around neck)
 C - an uncursed ring of teleport control
 E - a ring of magical power (right hand)
 I - an uncursed amulet of warding
 R - an uncursed ring of protection from fire
 S - the ring "Yprolirr" (left hand) {+Twstr rN+ Slay+5}
   (You found it on level 3 of the Crypt)

   [ring of positive energy]

   It affects your accuracy and damage with ranged weapons and melee attacks
   (+5).
   It protects you from negative energy.
   It can be evoked to create a twister.
 T - the ring of Liberalism {Wiz +Inv +Fly rC+ MR++}
   (You took it off a deep elf sorcerer on level 3 of the Elven Halls)

   [ring of wizardry]

   It improves your spell success rate.
   It protects you from cold.
   It affects your resistance to hostile enchantments.
   It lets you turn invisible.
   It lets you fly.
 U - the ring of Wahiuc {+/*Tele +Rage Stlth++}
   (You took it off a merfolk on level 5 of the Shoals)

   [ring of teleportation]

   It causes random teleportation, and can be evoked to teleport at will.
   It lets you go berserk.
   It makes you much more stealthy.
 V - the ring of Jixt {Str+6 Slay+4}
   (You took it off a deep elf annihilator on level 3 of the Elven Halls)

   [ring of strength]

   It affects your strength (+6).
   It affects your accuracy and damage with ranged weapons and melee attacks
   (+4).
Magical devices
 z - a wand of digging (15)
 O - a wand of disintegration (9)
 P - a wand of paralysis (15)
 Q - a wand of digging (9)
 X - a wand of cold (7)
Scrolls
 a - 8 scrolls of blinking
 e - 16 scrolls of teleportation
 f - 12 scrolls of remove curse
 i - 5 scrolls of fog
 j - 11 scrolls of recharging
 l - 5 scrolls of fear
 o - 13 scrolls of identify
 p - 2 scrolls of summoning
 F - 5 scrolls of magic mapping
Potions
 g - 17 potions of heal wounds
 m - 37 potions of curing
 s - 3 potions of invisibility
 t - 7 potions of might
 u - 8 potions of agility
 v - 2 potions of magic
 x - 6 potions of resistance
 B - 3 potions of berserk rage
 L - a potion of haste
 N - 3 potions of cancellation
Miscellaneous
 n - 4 phantom mirrors
 y - 3 stones of tremors
 D - a lantern of shadows
 G - a phial of floods
 K - a fan of gales
 M - a sack of spiders {used: 3}
Comestibles
 d - 18 bread rations


   Skills:
 - Level 9.0 Fighting
 - Level 17.0 Short Blades
 - Level 9.0 Throwing
 - Level 26.1 Dodging
 + Level 23.5 Stealth
 - Level 10.4 Shields
 - Level 22.0 Spellcasting
 - Level 12.2 Conjurations
 - Level 14.0 Hexes
 - Level 10.0 Ice Magic
 - Level 10.7 Air Magic
 - Level 10.1 Earth Magic
 - Level 19.5 Evocations


You couldn't memorise any spells.
You knew the following spells:

 Your Spells              Type           Power        Failure   Level  Hunger
a - Invisibility          Hex            #######.     1%          6    None
b - Ensorcelled Hibernat  Hex/Ice        ######       0%          2    None
c - Confuse               Hex            #######.     0%          3    None
d - Control Teleport      Chrm/Tloc      ####......   12%         4    None
e - Dazzling Spray        Conj/Hex       #######.     0%          3    None
f - Enslavement           Hex            #######.     1%          4    None
g - Mephitic Cloud        Conj/Pois/Air  ######..     1%          3    None
h - Summon Mana Viper     Hex/Summ       ######..     1%          5    None
i - Iskenderun's Mystic   Conj           #######.     1%          4    None
j - Orb of Destruction    Conj           #######...   8%          7    ###....
k - Iron Shot             Conj/Erth      #######...   1%          6    None
l - Freezing Cloud        Conj/Ice/Air   #######...   1%          6    None
m - Cause Fear            Hex            #######...   1%          4    None
n - Control Undead        Necr           ####......   12%         4    None
o - Sublimation of Blood  Necr           ####......   1%          2    None
r - Regeneration          Chrm/Necr      ####......   3%          3    None
s - Spectral Weapon       Hex/Chrm       ######..     1%          3    None


Dungeon Overview and Level Annotations

Branches:
Dungeon (15/15)            Temple (1/1) D:5            Lair (8/8) D:9
 Shoals (5/5) Lair:3        Snake (5/5) Lair:4        Slime (6/6) Lair:8
    Orc (4/4) D:9             Elf (3/3) Orc:4        Vaults (5/5) D:14
  Crypt (3/3) Vaults:2       Tomb (1/3) Crypt:3      Depths (4/5) D:15
   Hell (1/1)
    Dis: Hell:1         Geh: Hell:1         Coc: Hell:1         Tar: Hell:1

Altars:
Ashenzari
Cheibriados
Dithmenos
Elyvilon
Fedhas
Gozag
Kikubaaqudgha
Makhleb
Nemelex Xobeh
Okawaru
Qazlal
Ru
Sif Muna
Trog
Vehumet
Xom
Yredelemnul
Zin
The Shining One
Beogh
Jiyva

Shops:
D:4 [   D:9 !   D:13 *   D:15 [   Orc:1 !   Orc:2 !   Orc:4 %[*([   Shoals:4 (
Snake:5 }   Vaults:1 :   Vaults:4 [

Portals:
Hell: Depths:1 Depths:2 Depths:3 Depths:4
Abyss: Depths:1 Depths:3 Depths:4
Pandemonium: Depths:1 Depths:3
Trove: D:10 (give 12 potions of heal wounds)

Annotations:
D:11 runed door
Elf:2 runed door
Hell Geryon


Innate Abilities, Weirdness & Mutations

You are tiny and cannot use many weapons and most armour.
You have supernaturally acute eyesight.
You are a herbivore.
You cover ground extremely quickly.
You need consume almost no food.
You are partially covered in molten scales (AC +1).
Your mind is acute. (Int +2)
You are frail (-10% HP).
You can spit poison.


Message History

Confirm with . or Enter, or press ? or * to list all spells.
Aiming: Freezing Cloud
Press: ? - help, Dir - move target cursor You block the stone giant zombie's attack.
The reaper completely misses you.
Geryon is engulfed in freezing vapours.
Geryon winds a great silver horn.
The reaper barely misses you.
Unknown command.
The reaper hits you with a vampiric scythe!!!
You emit a cloud of dark smoke.
You block the soul eater's attack. The stone giant zombie misses you.
Geryon is engulfed in freezing vapours.
The hell beast is engulfed in freezing vapours.
Thank you for visiting Hell.
Please come again soon.
You go up through the gate.
Welcome back to the Depths!
There is a gateway to Hell here.
You block the reaper's attack.
The reaper hits you from afar with a scythe of slicing!!
* * * LOW HITPOINT WARNING * * *
x2 The reaper hits you from afar with a vampiric scythe!!
You die...

####### #..†..#
################+###.##
..........#...........#
..........#.....@.....###########
..........#...2∩3(...=...........
..........#...22.................
..........#......................
....#######...........###........
....############.#.######........
........................+........
....###....#######.#.####........
...........+.....................


You could see 3 reapers and a soul eater.

Vanquished Creatures
  the royal jelly (Slime:6)
  Dissolution (Slime:4)
  A greater mummy (Zig:3)
  Saint Roka (Snake:5)
  Mara (Snake:5)
  3 golden dragons
  Jory (Crypt:3)
  A bone dragon (Crypt:3)
  A profane servitor (Crypt:3)
  6 caustic shrikes (Depths:4)
  5 tentacled monstrosities
  Vashnia (Snake:4)
  5 titans
  A quicksilver dragon (Vaults:5)
  2 deep elf blademasters
  2 deep elf master archers (Elf:3)
  Asterion (Elf:3)
  The ghost of Frontstab the Bludgeoner, a mighty OgBe of Trog (Depths:1)
  5 liches
  2 tentacled starspawn (Zig:5)
  2 octopode crushers
  7 ancient champions
  A kraken (Shoals:5)
  27 acid blobs
  7 sphinxes
  Rupert (Snake:3)
  Agnes (Depths:3)
  16 shadow dragons
  Frances (D:15)
  23 azure jellies
  7 tengu reavers
  2 revenants
  4 storm dragons
  Ilsuiw (Shoals:5)
  10 fire giants
  14 deep elf sorcerers
  18 frost giants
  3 iron dragons (Depths:4)
  4 greater nagas
  4 orc warlords
  A frost giant (shapeshifter) (Depths:3)
  Louise (Snake:5)
  A curse skull (Crypt:1)
  Gastronok (D:8)
  5 ghouls
  12 vault wardens
  2 reapers
  5 emperor scorpions
  Jorgrun (Depths:3)
  A war gargoyle (Zig:2)
  10 ironheart preservers
  4 spriggan defenders
  21 stone giants
  5 very ugly things
  10 deep elf annihilators
  An ophan (Zig:7)
  4 vampire knights
  4 deep elf demonologists
  Azrael (Elf:3)
  2 dire elephants
  6 deep elf death magi
  5 unborn
  3 eidola (Crypt:3)
  7 ettins
  Snorg (Orc:2)
  8 merfolk javelineers
  9 merfolk impalers
  A great orb of eyes (shapeshifter) (Vaults:5)
  2 mummy priests (Tomb:1)
  26 vault guards
  14 yaktaur captains
  13 death oozes
  11 deep elf high priests
  5 minotaurs
  11 fire dragons
  26 jiangshi
  Fannar (Lair:3)
  17 great orbs of eyes
  Harold (D:12)
  17 ogre magi
  5 spriggan air magi
  21 naga warriors
  7 ice dragons
  7 hydras
  5 rakshasas
  2 death cobs (Crypt:3)
  16 anacondas
  Erica (Lair:3)
  13 centaur warriors
  2 satyrs (Shoals:4)
  5 deep troll earth magi
  A merfolk aquamancer (Shoals:5)
  2 death knights (Crypt:3)
  11 dancing weapons
  2 alligator snapping turtles
  3 tengu warriors
  4 death yaks
  2 thrashing horrors
  2 deep troll shamans (Depths:4)
  2 caustic shrike simulacra
  5 vampire magi
  9 naga sharpshooters
  2 catoblepae
  6 spriggan berserkers
  3 soul eaters
  2 ice devils
  A fire crab (Vaults:4)
  An iron troll (Depths:4)
  5 salamander mystics
  4 spriggans
  5 shock serpents
  2 orc high priests
  30 deep elf knights
  2 unseen horrors (shapeshifter)
  19 death scarabs (Tomb:1)
  33 skeletal warriors
  2 unseen horrors (Depths:1)
  8 hell knights
  7 flayed ghosts
  2 wizards
  A shadow wraith (Crypt:3)
  15 deep trolls
  A tengu zombie (Depths:4)
  A ghost moth zombie (Crypt:2)
  10 hill giants
  16 sea snakes
  3 naga ritualists
  A hill giant (shapeshifter) (Vaults:3)
  13 deep elf summoners
  2 giant orange brains
  5 lindwurms
  Pikel (D:4)
  16 mana vipers
  2 harpies (shapeshifter)
  12 harpies
  10 necromancers
  28 deep elf conjurers
  A sphinx zombie (Vaults:3)
  2 water nymphs
  4 shining eyes
  9 manticores
  18 orc knights
  A spectral wolf spider (Crypt:3)
  An anubis guard (Tomb:1)
  13 salamanders
  A spectral alligator (Crypt:3)
  10 cyclopes
  11 fauns
  5 phantasmal warriors
  27 ugly things
  A frost giant zombie (Vaults:4)
  7 orc sorcerers
  2 wolf spiders
  A sphinx skeleton (Depths:3)
  A fire giant zombie (Vaults:4)
  A moth of wrath (Zig:4)
  11 griffons
  2 draconians (shapeshifter)
  2 fauns (shapeshifter) (Depths:4)
  7 sirens
  A hornet (Vaults:1)
  7 elephants
  An elephant (shapeshifter) (Vaults:5)
  15 ironbrand convokers
  27 naga magi
  12 guardian serpents
  A rust devil (Zig:2)
  8 eyes of devastation
  2 frost giant skeletons
  A dire elephant zombie (Hell)
  Joseph (D:8)
  39 black mambas
  6 centaur zombies
  A titan simulacrum (Vaults:4)
  2 gargoyles
  22 vault sentinels
  A black mamba (shapeshifter) (Vaults:1)
  An orange crystal statue (Zig:1)
  30 spiny frogs
  An octopode (shapeshifter) (D:14)
  5 torpor snails
  5 kobold demonologists
  A pale draconian zombie (Crypt:1)
  An iron troll zombie (Crypt:1)
  A yaktaur (shapeshifter) (D:14)
  64 yaktaurs
  A tengu conjurer (D:13)
  8 trolls
  13 deep elf priests
  An ancient zyme (Zig:7)
  A red devil (Elf:3)
  13 freezing wraiths
  5 guardian mummies
  9 komodo dragons
  A queen bee (shapeshifter) (Depths:3)
  35 merfolk
  A spectral harpy (Crypt:3)
  A polar bear (Lair:5)
  2 wind drakes
  2 giant leeches (Lair:8)
  A silent spectre (Crypt:2)
  3 hornet zombies
  A raven (shapeshifter) (D:13)
  29 blink frogs
  22 two-headed ogres
  A boulder beetle (shapeshifter) (Zig:1)
  5 boulder beetles
  A shadow dragon simulacrum (Crypt:3)
  4 bog bodies
  A raiju (Zig:7)
  2 ettin zombies
  153 slime creatures
  A catoblepas skeleton (Zig:3)
  6 ravens
  A fire dragon zombie (Zig:2)
  11 snapping turtles
  A ynoxinul (Zig:5)
  2 trapdoor spider zombies
  2 air elementals (Depths:4)
  An ettin skeleton (Vaults:4)
  30 yaks
  A basilisk (D:13)
  A centaur simulacrum (D:15)
  2 trapdoor spiders
  2 redbacks
  A tarantella (Vaults:4)
  6 wraiths
  A spriggan simulacrum (Zig:5)
  52 flying skulls
  2 hogs (shapeshifter)
  5 vampires
  7 water elementals
  4 golden eyes (Slime:2)
  A wyvern (D:7)
  4 shadows
  Grum (D:8)
  27 deep elf magi
  A yaktaur simulacrum (Vaults:4)
  2 fire elementals (Elf:3)
  4 wolves
  37 deep elf fighters
  11 hippogriffs
  23 wargs
  18 vampire mosquitoes
  A steam dragon (Lair:3)
  4 hell hounds (Elf:3)
  2 neqoxecs
  25 water moccasins
  A warg (shapeshifter) (Depths:4)
  2 mottled dragons
  61 nagas
  2 ice beasts
  12 porcupines
  13 eyes of draining
  71 orc warriors
  8 necrophages
  A swamp drake (shapeshifter) (Vaults:5)
  4 wasps
  A black bear (D:11)
  3 boggarts
  A snapping turtle zombie (Crypt:1)
  A lindwurm zombie (Crypt:2)
  5 sky beasts
  3 slaves (D:4)
  3 large abominations
  A dwarf (shapeshifter) (Vaults:3)
  6 phantoms
  12 crocodiles
  50 ogres
  2 boring beetles (Lair:5)
  25 centaurs
  A crocodile (shapeshifter) (Vaults:5)
  A deep troll simulacrum (Vaults:1)
  A lost soul (Crypt:3)
  5 big kobolds
  Blork the orc (D:8)
  53 giant frogs
  3 water moccasin zombies (Ossuary)
  A draconian skeleton (Crypt:2)
  A yaktaur zombie (Crypt:2)
  4 wyvern zombies
  4 human skeletons
  3 small abominations
  9 killer bees
  6 scorpions
  A human simulacrum (Vaults:3)
  A spriggan skeleton (D:11)
  A troll skeleton (D:11)
  15 wights
  7 electric eels
  A goliath beetle (D:7)
  4 crimson imps
  3 quasits
  2 giant frog zombies
  31 jellies
  14 hounds
  3 centaur skeletons
  A giant frog skeleton (D:10)
  7 iguanas
  An iron imp (Vaults:2)
  38 orc wizards
  2 elf skeletons (Elf:2)
  27 orc priests
  5 human zombies
  7 worker ants
  A lightning spire (Zig:7)
  A killer bee zombie (D:6)
  2 big kobold zombies (Ossuary)
  42 sheep
  2 hound skeletons
  7 mummies
  26 adders
  49 river rats
  A shadow imp (D:11)
  2 giant mites (D:5)
  4 worms
  4 ufetubi
  6 adder zombies
  A sheep skeleton (Crypt:1)
  An adder skeleton (D:4)
  An ooze (D:5)
  272 orcs
  3 bat skeletons
  A bat zombie (D:6)
  5 giant cockroaches
  15 hobgoblins
  14 jackals
  13 ball pythons
  11 bats
  5 giant geckos
  3 giant gecko skeletons
  4 giant newts
  5 giant spores
  5 gnoll zombies
  31 goblins
  6 hobgoblin zombies (Ossuary)
  A jackal zombie (D:5)
  41 kobolds
  3 kobold zombies (Ossuary)
  5 orc zombies (Ossuary)
  18 quokkas
  A quokka skeleton (Crypt:2)
  38 rats
  A rat zombie (Crypt:1)
  A river rat skeleton (Crypt:2)
  6 ballistomycetes
  7 fungi
  10 plants
  A starspawn tentacle (Zig:5)
  A starspawn tentacle segment (Zig:5)
3108 creatures vanquished.

Vanquished Creatures (collateral kills)
  Norris (Shoals:4)
  A golden dragon (Vaults:5)
  2 liches
  4 acid blobs
  Roxanne (Snake:3)
  3 greater nagas
  An azure jelly (Slime:4)
  3 deep elf sorcerers (Elf:3)
  Aizul (Snake:3)
  2 deep elf annihilators (Elf:3)
  A deep elf demonologist (Elf:3)
  A deep elf death mage (Vaults:1)
  A minotaur (Depths:2)
  A yaktaur captain (Vaults:3)
  A jiangshi (Crypt:2)
  2 naga warriors (Snake:3)
  A rakshasa (Depths:1)
  3 merfolk aquamancers (Shoals:5)
  A centaur warrior (Depths:4)
  A vampire mage (Crypt:2)
  A tengu warrior (Depths:2)
  6 dancing weapons
  3 naga sharpshooters
  An ogre mage (Vaults:2)
  3 shock serpents
  A deep elf knight (Elf:3)
  2 sea snakes (Snake:3)
  A salamander mystic (Snake:5)
  A deep elf summoner (Elf:2)
  A tengu zombie (Vaults:3)
  5 mana vipers
  2 phantasmal warriors
  A water nymph (Shoals:2)
  A guardian serpent (Snake:3)
  A black mamba (Snake:5)
  An orange crystal statue (Depths:1)
  A komodo dragon (Lair:4)
  2 yaktaurs
  4 merfolk
  3 slime creatures
  A two-headed ogre (Vaults:1)
  A flying skull (Crypt:3)
  2 spriggans (Depths:4)
  A yak (Lair:3)
  3 deep elf magi
  3 deep elf fighters
  A vampire mosquito (Vaults:2)
  A wraith (Crypt:2)
  3 water elementals (Shoals:5)
  A naga (Snake:3)
  An ogre (Vaults:1)
  A baby alligator skeleton (Crypt:2)
  3 orc warriors
  4 wasps (Depths:4)
  A big kobold (Vaults:2)
  6 orcs
  A kobold (Vaults:2)
107 creatures vanquished.

Vanquished Creatures (others)
  An azure jelly (Slime:6)
  8 spectral weapons
  A naga sharpshooter (Snake:4)
  A shock serpent (Snake:2)
  A deep elf summoner (Elf:1)
  A deep troll (Vaults:1)
  A harpy (Shoals:4)
  A naga ritualist (Snake:5)
  2 deep elf conjurers
  An orc sorcerer (Vaults:5)
  58 mana vipers
  2 shining eyes (Slime:6)
  A gargoyle (D:11)
  A komodo dragon (Slime:1)
  3 black mambas
  2 yaktaurs (Vaults:4)
  A deep elf priest (Elf:2)
  A merfolk (Shoals:1)
  5 jumping spiders (Slime:6)
  3 two-headed ogres
  3 slime creatures
  2 trapdoor spiders (Slime:6)
  4 redbacks (Slime:6)
  A yak (Lair:3)
  6 water elementals
  A wraith (Zig:7)
  A deep elf fighter (Elf:3)
  A ynoxinul (Zig:7)
  4 golden eyes (Slime:6)
  5 deep elf magi
  6 vampire mosquitoes
  2 earth elementals
  A water moccasin (Snake:3)
  An ice beast (Elf:3)
  An ogre (Vaults:5)
  A slave (D:4)
  An eye of draining (Slime:6)
  2 centaurs
  4 orc warriors
  A crocodile (Lair:8)
  7 lost souls
  A big kobold (Vaults:2)
  3 giant frogs (Lair:8)
  3 jellies (Slime:6)
  5 sheep
  3 ufetubi (Zig:7)
  7 orcs
  A jackal (D:8)
  A kobold (D:9)
  15 fungi
  10 plants
  8 starspawn tentacles (Zig:5)
  57 starspawn tentacle segments (Zig:5)
  4 tentacles (Shoals:5)
  3 tentacle segments (Shoals:5)
271 creatures vanquished.

Grand Total: 3486 creatures vanquished

Notes
Turn   | Place    | Note
--------------------------------------------------------------
     0 | D:1      | BluebellGnoll, the Spriggan Enchanter, began the quest for the Orb.
     0 | D:1      | Reached XP level 1. HP: 9/9 MP: 4/4
    83 | D:1      | Reached skill level 5 in Stealth
   118 | D:1      | Reached XP level 2. HP: 13/13 MP: 7/7
   124 | D:1      | Learned a level 2 spell: Ensorcelled Hibernation
   772 | D:2      | Reached skill level 6 in Stealth
   887 | D:2      | Reached XP level 3. HP: 9/16 MP: 2/9
   892 | D:2      | Learned a level 3 spell: Confuse
  1270 | D:2      | Found a shimmering altar of Xom.
  1273 | D:2      | Found an ancient bone altar of Kikubaaqudgha.
  1276 | D:2      | Found a shattered altar of Ashenzari.
  1350 | D:2      | Reached XP level 4. HP: 19/21 MP: 6/14
  1354 | D:2      | Learned a level 2 spell: Sure Blade
  1752 | D:3      | Learned a level 3 spell: Dazzling Spray
  2073 | D:3      | You fall through a shaft for 3 floors!
  2093 | D:6      | Noticed an ogre
  2126 | D:6      | Killed an ogre
  2126 | D:6      | Reached skill level 5 in Hexes
  2126 | D:6      | Reached XP level 5. HP: 22/24 MP: 2/18
  2239 | D:6      | Noticed a centaur
  2249 | D:6      | Killed a centaur
  2249 | D:6      | Reached skill level 5 in Spellcasting
  2249 | D:6      | Reached XP level 6. HP: 18/28 MP: 16/21
  2250 | D:6      | Noticed a sky beast
  2262 | D:6      | Killed a sky beast
  2402 | D:6      | Noticed a giant frog
  2432 | D:6      | Killed a giant frog
  2648 | D:6      | Noticed a giant frog
  2678 | D:6      | Killed a giant frog
  2691 | D:6      | Reached XP level 7. HP: 32/32 MP: 8/24
  2779 | D:6      | Learned a level 4 spell: Enslavement
  2811 | D:5      | Entered Level 5 of the Dungeon
  2870 | D:5      | Found a staircase to the Ecumenical Temple.
  2903 | D:5      | Reached skill level 7 in Spellcasting
  2922 | D:5      | Found a glowing drain.
  3070 | Sewer    | Entered a sewer
  3776 | D:4      | Found a sand-covered staircase.
  3798 | D:4      | Reached skill level 8 in Spellcasting
  3862 | Ossuary  | Entered an ossuary
  3915 | Ossuary  | Reached XP level 8. HP: 14/36 MP: 2/27
  5072 | D:4      | Found Plae's Armour Shoppe.
  5072 | D:4      | Noticed Pikel
  5147 | D:4      | Killed Pikel
  5147 | D:4      | Reached skill level 5 in Dodging
  5147 | D:4      | Reached skill level 10 in Stealth
  5268 | D:4      | Bought a +0 cloak of poison resistance for 119 gold pieces
  5555 | Temple   | Entered the Ecumenical Temple
  5577 | Temple   | Became a worshipper of Dithmenos the Shadowed
  6151 | D:6      | Noticed a giant frog
  6153 | D:6      | Noticed an ogre
  6157 | D:6      | Killed a giant frog
  6157 | D:6      | Reached XP level 9. HP: 39/39 MP: 26/29
  6167 | D:6      | Killed an ogre
  6366 | D:6      | Noticed a giant frog
  6373 | D:6      | Killed a giant frog
  7332 | D:7      | Acquired Dithmenos' first power
  7332 | D:7      | Reached skill level 5 in Short Blades
  7551 | D:8      | Noticed Blork the orc
  7553 | D:8      | Killed Blork the orc
  7553 | D:8      | Reached skill level 10 in Dodging
  7857 | D:8      | Reached XP level 10. HP: 44/44 MP: 25/29
  7875 | D:8      | Noticed Gastronok
  8235 | D:8      | Killed Gastronok
  8235 | D:8      | Reached skill level 11 in Dodging
  8284 | D:8      | Noticed Joseph
  8330 | D:8      | Killed Joseph
  8330 | D:8      | Reached skill level 12 in Dodging
  8894 | D:8      | Noticed an orc knight
  8894 | D:8      | Noticed an orc warlord
  8924 | D:8      | Killed an orc warlord
  8924 | D:8      | Reached skill level 13 in Dodging
  8924 | D:8      | Reached XP level 11. HP: 47/47 MP: 17/31
  8942 | D:8      | Killed an orc knight
  8942 | D:8      | Reached skill level 10 in Short Blades
  9081 | D:8      | Acquired Dithmenos' second power
  9101 | D:8      | Noticed an orc knight
  9102 | D:8      | Learned a level 6 spell: Invisibility
  9124 | D:8      | Killed an orc knight
  9202 | D:8      | Noticed Grum
  9261 | D:8      | Killed Grum
  9594 | D:8      | Noticed a white ugly thing
  9625 | D:8      | Killed a white ugly thing
 10063 | D:9      | Found a staircase to the Lair.
 10234 | D:9      | Found Urimp's Distillery.
 10237 | D:9      | Bought a potion of curing for 45 gold pieces
 10237 | D:9      | Bought a potion of cancellation for 120 gold pieces
 10237 | D:9      | Bought a potion of heal wounds for 75 gold pieces
 10237 | D:9      | Bought a potion of heal wounds for 75 gold pieces
 10456 | D:9      | Found a staircase to the Orcish Mines.
 10465 | D:9      | Acquired Dithmenos' third power
 11052 | Lair:1   | Entered Level 1 of the Lair of Beasts
 11393 | Lair:1   | Reached skill level 14 in Stealth
 11612 | Lair:1   | Found an ancient bone altar of Kikubaaqudgha.
 12212 | Lair:2   | Reached skill level 15 in Stealth
 12365 | Lair:2   | Reached skill level 10 in Hexes
 12461 | Lair:2   | Noticed a spriggan rider
 12476 | Lair:2   | Killed a spriggan rider
 12476 | Lair:2   | Killed a wasp
 12476 | Lair:2   | Reached XP level 12. HP: 51/51 MP: 32/32
 12928 | Lair:3   | Found a staircase to the Shoals.
 13248 | Lair:3   | You fall through a shaft for 3 floors!
 13426 | Lair:4   | Acquired Dithmenos' fourth power
 13579 | Lair:4   | Reached skill level 10 in Spellcasting
 13833 | Lair:4   | Reached skill level 16 in Stealth
 13843 | Lair:4   | Found a staircase to the Snake Pit.
 14027 | Lair:4   | Reached skill level 17 in Stealth
 14038 | Lair:4   | Noticed a four-headed hydra
 14043 | Lair:4   | Killed a four-headed hydra
 14337 | Lair:4   | Reached skill level 1 in Evocations
 14433 | Lair:4   | Noticed a six-headed hydra
 14450 | Lair:4   | Killed a six-headed hydra
 15040 | Lair:5   | Reached skill level 5 in Evocations
 15040 | Lair:5   | Reached XP level 13. HP: 55/55 MP: 34/34
 15569 | Lair:6   | Identified the Catalogue of Necromancy
 16300 | Lair:7   | Reached skill level 15 in Dodging
 17404 | Lair:3   | Reached skill level 18 in Stealth
 17599 | Lair:3   | Noticed Erica
 17603 | Lair:3   | Killed Erica
 17637 | Lair:3   | Noticed Fannar
 17641 | Lair:3   | Killed Fannar
 18393 | Orc:1    | Entered Level 1 of the Orcish Mines
 18668 | Orc:1    | Found Phaun's Distillery.
 18678 | Orc:1    | Bought a potion of haste for 120 gold pieces
 18678 | Orc:1    | Bought a potion of resistance for 120 gold pieces
 18952 | Orc:2    | Found Utioqep's Distillery.
 19049 | Orc:2    | Noticed Snorg
 19051 | Orc:2    | Killed Snorg
 19051 | Orc:2    | Reached skill level 19 in Stealth
 20075 | Orc:4    | Entered Level 4 of the Orcish Mines
 20092 | Orc:4    | Found Xoahass' Assorted Antiques.
 20153 | Orc:4    | Found a staircase to the Elven Halls.
 20210 | Orc:4    | Found a roughly hewn altar of Beogh.
 20210 | Orc:4    | Found Vosi's Food Boutique.
 20350 | Orc:4    | Found a roughly hewn altar of Beogh.
 20589 | Orc:4    | Noticed an orc warlord
 20590 | Orc:4    | Reached skill level 20 in Stealth
 20616 | Orc:4    | Paralysed by an orc sorcerer for 3 turns
 20654 | Orc:4    | Reached XP level 14. HP: 49/59 MP: 3/35
 20912 | Orc:4    | Found a roughly hewn altar of Beogh.
 21083 | Orc:4    | Killed an orc warlord
 21178 | Orc:4    | Found Icromag's Antique Armour Emporium.
 21178 | Orc:4    | Found a roughly hewn altar of Beogh.
 21181 | Orc:4    | Found Uthemm's Antique Weapon Shoppe.
 21298 | Orc:4    | Found a roughly hewn altar of Beogh.
 21438 | Orc:4    | Bought an ivory rapier for 279 gold pieces
 21531 | Orc:4    | Found a roughly hewn altar of Beogh.
 21531 | Orc:4    | Found Shrietsi's Antique Armour Emporium.
 21548 | Orc:4    | Bought a shiny buckler for 135 gold pieces
 21936 | Lair:2   | Identified the +6 rapier of Noon {speed, rC++ rN+} (You bought it in a shop on level 4 of the Orcish Mines)
 22022 | Snake:1  | Entered Level 1 of the Snake Pit
 24562 | Snake:3  | Noticed Rupert
 24564 | Snake:3  | Killed Rupert
 25001 | Snake:3  | Noticed Roxanne
 25483 | Snake:3  | Found a shimmering altar of Xom.
 25541 | Snake:3  | Noticed Aizul
 25578 | Snake:3  | Upgraded the game from 0.16-a0-3493-gd9d85f0 to 0.16-a0-3496-g6490362
 26017 | Lair:8   | Entered Level 8 of the Lair of Beasts
 26236 | Lair:8   | Found a viscous altar of Jiyva.
 26236 | Lair:8   | Found a staircase to the Slime Pits.
 26665 | Lair:8   | Reached skill level 21 in Dodging
 26717 | Lair:8   | Reached XP level 15. HP: 63/63 MP: 23/36
 27565 | Lair:8   | Noticed an azure jelly
 27595 | Lair:8   | Killed an azure jelly
 27897 | Lair:8   | Got a smoking amber ring
 27994 | Lair:8   | Reached skill level 22 in Dodging
 28176 | Lair:8   | Reached skill level 1 in Fighting
 28551 | Lair:2   | Identified the ring of Qestedwi {+Blink rN+ SInv} (You found it on level 8 of the Lair of Beasts)
 28592 | D:10     | Entered Level 10 of the Dungeon
 29370 | D:10     | Found a portal to a secret trove of treasure.
 29889 | D:11     | Found a runed door.
 30635 | D:12     | Noticed Harold
 30660 | D:12     | Found a flagged portal.
 30718 | D:12     | Learned a level 4 spell: Cause Fear
 30724 | Bailey   | Entered a bailey
 31131 | Bailey   | Gained mutation: You can spit poison. [potion of beneficial mutation]
 31511 | D:12     | Killed Harold
 31511 | D:12     | Reached skill level 5 in Fighting
 31856 | D:12     | Identified a scroll of acquirement
 32318 | D:13     | Learned a level 5 spell: Summon Mana Viper
 32449 | D:13     | Found Smoy's Assorted Antiques.
 33694 | D:14     | Found a gate to the Vaults.
 34296 | D:15     | Entered Level 15 of the Dungeon
 35005 | D:15     | Reached XP level 16. HP: 55/76 MP: 35/38
 35170 | D:15     | Found Pnat's Armour Boutique.
 35354 | D:15     | Noticed Frances
 35358 | D:15     | Killed Frances
 35620 | D:15     | Found a staircase to the Depths.
 35990 | Shoals:1 | Entered Level 1 of the Shoals
 38123 | Slime:1  | Entered Level 1 of the Pits of Slime
 38123 | Slime:1  | Noticed an acid blob
 38738 | Lair:8   | Killed an acid blob
 39373 | Snake:3  | Killed Aizul
 40654 | Snake:3  | Reached XP level 17. HP: 80/80 MP: 27/40
 41488 | Snake:4  | Noticed Vashnia
 42902 | Shoals:3 | Reached skill level 1 in Ice Magic
 43856 | Shoals:4 | Noticed Norris
 43871 | Shoals:4 | Killed Norris
 43871 | Shoals:4 | Reached skill level 5 in Ice Magic
 43885 | Shoals:4 | Gained mutation: Your mind is acute. (Int +2) [potion of beneficial mutation]
 43978 | Shoals:4 | Found Schaqusiu's Weapon Emporium.
 44453 | Elf:1    | Entered Level 1 of the Elven Halls
 44689 | Elf:1    | Reached skill level 1 in Conjurations
 44780 | Elf:1    | Identified Sif Muna's Disquisition on Battle Magic
 45650 | Elf:1    | Upgraded the game from 0.16-a0-3496-g6490362 to 0.16-a0-3501-g08befd0
 46085 | Elf:2    | Found a shimmering altar of Xom.
 46094 | Elf:2    | Reached skill level 5 in Conjurations
 46949 | Elf:2    | Found a runed gate.
 46949 | Elf:2    | Found a runed gate.
 46953 | Elf:2    | Found a runed gate.
 46977 | Elf:2    | Learned a level 4 spell: Iskenderun's Mystic Blast
 47450 | Shoals:5 | Entered Level 5 of the Shoals
 47547 | Shoals:5 | Noticed Ilsuiw
 47605 | Shoals:5 | Killed Ilsuiw
 48337 | Shoals:5 | Reached XP level 18. HP: 54/84 MP: 20/40
 48747 | Shoals:5 | Reached skill level 1 in Throwing
 49595 | Shoals:5 | Got a bone quarterstaff {flame}
 49595 | Shoals:5 | Got a creamy pearl robe
 50017 | Lair:2   | Identified the +9 quarterstaff of Axtolunaxuch {flame, MR++ Stlth-} (You took it off a merfolk on level 5 of the Shoals)
 50029 | Lair:2   | Identified the cursed -3 robe of Space {Dex+3} (You took it off a merfolk on level 5 of the Shoals)
 50066 | Lair:2   | Learned a level 6 spell: Freezing Cloud
 50248 | Shoals:5 | Reached skill level 1 in Air Magic
 50762 | Shoals:5 | Got a glittering lapis lazuli ring
 51053 | Shoals:5 | Got a barnacled rune of Zot
 51279 | Lair:2   | Identified the ring of Wahiuc {+/*Tele +Rage Stlth++} (You took it off a merfolk on level 5 of the Shoals)
 51420 | Shoals:5 | Reached skill level 5 in Air Magic
 52187 | Vaults:1 | Entered Level 1 of the Vaults
 52476 | Vaults:1 | Found Refemputz's Book Emporium.
 52581 | Vaults:1 | Bought a book of Clouds for 585 gold pieces
 52585 | Vaults:1 | Learned a level 3 spell: Mephitic Cloud
 54703 | Vaults:2 | Found a staircase to the Crypt.
 55166 | Vaults:2 | Upgraded the game from 0.16-a0-3501-g08befd0 to 0.16-a0-3521-gb1b4986
 56379 | Vaults:3 | Reached XP level 19. HP: 88/88 MP: 41/41
 59260 | Slime:2  | Noticed an acid blob
 59333 | Slime:2  | Killed an acid blob
 59492 | Slime:2  | Noticed an acid blob
 59501 | Slime:2  | Noticed an acid blob
 59506 | Slime:2  | Killed an acid blob
 59640 | Slime:2  | Noticed an acid blob
 59649 | Slime:2  | Killed an acid blob
 59904 | Slime:2  | Killed an acid blob
 59966 | Slime:1  | Noticed an acid blob
 59970 | Slime:1  | Killed an acid blob
 60127 | Slime:1  | Reached skill level 10 in Ice Magic
 60791 | Slime:3  | Reached skill level 10 in Air Magic
 61321 | Slime:4  | Noticed Dissolution
 62965 | Snake:3  | Killed Roxanne
 62973 | Snake:3  | Identified Roxanne's Compendium of the Mountains and Shape Shifting (You took it off Roxanne on level 3 of the Snake Pit)
 63033 | Snake:5  | Entered Level 5 of the Snake Pit
 64042 | Elf:2    | Reached XP level 20. HP: 93/93 MP: 19/41
 64050 | Elf:2    | Upgraded the game from 0.16-a0-3521-gb1b4986 to 0.16-a0-3533-gc382f62
 65437 | Elf:3    | Entered Level 3 of the Elven Halls
 65781 | Elf:3    | Noticed Azrael
 66783 | Elf:3    | Reached skill level 15 in Short Blades
 66983 | Elf:3    | Got a scintillating turquoise ring
 68211 | Elf:3    | Got a slimy robe
 68233 | Elf:3    | Identified the +1 robe of the Lion {rElec MR++ Dex+1} (You took it off a deep elf sorcerer on level 3 of the Elven Halls)
 68235 | Elf:3    | Identified the ring of Liberalism {Wiz +Inv +Fly rC+ MR++} (You took it off a deep elf sorcerer on level 3 of the Elven Halls)
 68283 | Elf:3    | Got a steaming turquoise ring
 68733 | Elf:3    | Killed Azrael
 68914 | Elf:3    | Noticed Asterion
 69612 | Lair:2   | Identified the ring of Jixt {Str+6 Slay+4} (You took it off a deep elf annihilator on level 3 of the Elven Halls)
 69913 | Vaults:1 | Bought a manual of Shields for 1435 gold pieces
 70216 | Orc:4    | Bought a large bronze amulet for 165 gold pieces
 70216 | Orc:4    | Bought a small steel amulet for 165 gold pieces
 70628 | Elf:3    | Killed Asterion
 70630 | Elf:3    | Got a wavering lapis lazuli ring
 70631 | Elf:3    | Identified the ring of Descent {SustAb Contam Dex+1 Slay+4} (You took it off Asterion on level 3 of the Elven Halls)
 70897 | Elf:3    | Got a twitching platinum ring
 71231 | Elf:3    | Identified the ring "Otuubrav" {+Inv +Fly SInv Stlth-} (You took it off Azrael on level 3 of the Elven Halls)
 71303 | Elf:3    | Reached skill level 1 in Shields
 71965 | Elf:3    | Gained mutation: You are partially covered in molten scales (AC +1). [potion of beneficial mutation]
 72026 | Elf:3    | Got a fine spear
 72476 | Lair:2   | Identified the +11 spear of Orudod {speed, Dex+3} (You took it off a deep elf sorcerer on level 3 of the Elven Halls)
 73147 | Snake:4  | Killed Vashnia
 73641 | Snake:4  | Reached skill level 5 in Shields
 73945 | Snake:5  | Found Odini's Gadget Emporium.
 74001 | Snake:5  | Noticed Saint Roka
 74007 | Snake:5  | Noticed Louise
 74061 | Snake:5  | Killed Louise
 74230 | Snake:5  | Reached XP level 21. HP: 92/96 MP: 1/42
 74408 | Snake:5  | Noticed Mara
 74499 | Snake:5  | Killed Saint Roka
 74603 | Snake:5  | Noticed BluebellGnoll's illusion
 75066 | Slime:4  | Upgraded the game from 0.16-a0-3533-gc382f62 to 0.16-a0-3553-gf2c86d1
 75078 | Slime:4  | HP: 4/96 [acid (2)]
 77135 | Vaults:4 | Reached skill level 10 in Shields
 77690 | Vaults:4 | Found Ugafog's Armour Shop.
 78654 | Snake:5  | Killed Mara
 79890 | Snake:5  | Reached skill level 15 in Spellcasting
 81811 | Snake:5  | Got a serpentine rune of Zot
 82196 | Lair:2   | Learned a level 7 spell: Orb of Destruction
 82497 | Depths:1 | Entered Level 1 of the Depths
 82558 | Depths:1 | Found a one-way gate leading to the halls of Pandemonium.
 82720 | Depths:1 | Noticed Frontstab's ghost (mighty OgBe)
 82740 | Depths:1 | Found a gateway to a ziggurat.
 82792 | Depths:1 | Found a gateway to Hell.
 83003 | Depths:1 | Found a one-way gate to the infinite horrors of the Abyss.
 83077 | Depths:1 | Reached XP level 22. HP: 78/101 MP: 12/44
 83539 | Depths:1 | Killed Frontstab's ghost
 83539 | Depths:1 | Reached skill level 10 in Conjurations
 84320 | Depths:1 | Got a crude iron ring
 84321 | Depths:1 | Got a smoking scimitar {pain}
 84456 | Depths:1 | Identified the ring of Wosucut {+Blink MR+} (You took it off a rakshasa on level 1 of the Depths)
 84483 | Depths:1 | Got a heavy robe
 84872 | D:11     | Identified the +2 robe "Teuso" {rC+ MR+} (You found it on level 1 of the Depths)
 84874 | D:11     | Identified the +8 scimitar "Bemuhiso" {pain, +Inv Stlth+} (You took it off a rakshasa on level 1 of the Depths)
 85399 | Depths:2 | Reached skill level 10 in Evocations
 87530 | Depths:3 | Noticed Jorgrun
 87532 | Depths:3 | Noticed Agnes
 87542 | Depths:3 | Killed Agnes
 87593 | Depths:3 | Killed Jorgrun
 87660 | Depths:3 | Found a roughly hewn altar of Beogh.
 88956 | Depths:4 | Found a blossoming altar of Fedhas.
 88957 | Depths:4 | Found a shattered altar of Ashenzari.
 88957 | Depths:4 | Found an ancient bone altar of Kikubaaqudgha.
 90173 | Depths:4 | Upgraded the game from 0.16-a0-3553-gf2c86d1 to 0.16-a0-3585-g2f5ff90
 90507 | Depths:4 | Reached XP level 23. HP: 85/105 MP: 13/45
 91268 | Depths:4 | Reached skill level 5 in Throwing
 91784 | Depths:4 | Got a transparent shortbow
 92532 | Depths:4 | Got a crystal shortbow
 93571 | Lair:2   | Learned a level 6 spell: Iron Shot
 94025 | Vaults:5 | Entered Level 5 of the Vaults
 94044 | Vaults:4 | Reached skill level 1 in Earth Magic
 94826 | Vaults:4 | Reached skill level 5 in Earth Magic
 97070 | Vaults:5 | Got a fine trident
 97868 | Vaults:5 | Got a silver rune of Zot
 97911 | Vaults:5 | Reached skill level 10 in Earth Magic
 98155 | Vaults:5 | Reached XP level 24. HP: 67/109 MP: 27/45
102178 | Slime:4  | HP: 5/109 [azure jelly (7)]
103237 | Crypt:1  | Entered Level 1 of the Crypt
103368 | Crypt:1  | Learned a level 3 spell: Regeneration
103446 | Crypt:1  | Learned a level 3 spell: Spectral Weapon
105077 | Crypt:3  | Entered Level 3 of the Crypt
105866 | Crypt:3  | Found an ancient bone altar of Kikubaaqudgha.
107650 | Crypt:3  | Reached XP level 25. HP: 113/113 MP: 30/48
109250 | Crypt:3  | Got a slimy war axe
109262 | Crypt:3  | Got a scorched halberd
110964 | Crypt:3  | Got a shimmering silver ring
110964 | Crypt:3  | Got a faintly glowing jade ring
110964 | Crypt:3  | Got a wavering steel ring
110965 | Crypt:3  | Identified the ring of Plog {+Blink +Rage rN+ HP+5 Dex+3} (You found it on level 3 of the Crypt)
110966 | Crypt:3  | Identified the ring "Yprolirr" {+Twstr rN+ Slay+5} (You found it on level 3 of the Crypt)
110967 | Crypt:3  | Identified the ring of Xom's Best Wishes {Noisy rPois rN+ MR+} (You found it on level 3 of the Crypt)
111001 | Crypt:3  | Noticed Jory
111011 | Crypt:3  | Killed Jory
111100 | Crypt:3  | Found a staircase to the Tomb.
112066 | Slime:4  | Killed Dissolution
112066 | Slime:4  | Reached skill level 15 in Evocations
112789 | Slime:5  | Gained mutation: You are frail (-10% HP). [a shining eye]
113058 | Slime:6  | Entered Level 6 of the Pits of Slime
113137 | Slime:6  | Found a viscous altar of Jiyva.
113142 | Slime:6  | Noticed the royal jelly
114857 | Slime:6  | Killed the royal jelly
115714 | Slime:6  | Got a slimy rune of Zot
115750 | Slime:6  | Got a crude crystal amulet
116012 | Lair:2   | Identified the amulet of Greed {Ward +Fly rF- rN+ SInv} (You found it on level 6 of the Pits of Slime)
116014 | Lair:2   | Identified a +4 rod of shadows (12/12) (You found it on level 6 of the Pits of Slime)
116718 | Vaults:5 | Reached skill level 23 in Dodging
117770 | Vaults:5 | Reached XP level 26. HP: 113/113 MP: 26/49
118090 | Vaults:4 | Reached skill level 24 in Dodging
118620 | Lair:2   | Learned a level 4 spell: Control Undead
119160 | Tomb:1   | Entered Level 1 of the Tomb of the Ancients
121372 | Depths:4 | Reached skill level 25 in Dodging
122189 | Depths:4 | Reached skill level 26 in Dodging
122936 | Lair:2   | Learned a level 2 spell: Sublimation of Blood
123376 | Zig:1    | Entered Level 1 of a ziggurat
123435 | Zig:2    | Entered Level 2 of a ziggurat
123649 | Zig:3    | Entered Level 3 of a ziggurat
123772 | Zig:4    | Entered Level 4 of a ziggurat
123956 | Zig:4    | Got a coiled iron ring
123957 | Zig:4    | Identified the ring "Qeobasch" {*Rage +Blink MR+} (You found it on level 4 of a ziggurat)
123971 | Zig:5    | Entered Level 5 of a ziggurat
124083 | Zig:5    | Learned a level 4 spell: Control Teleport
124085 | Zig:5    | Got a heavily runed cloak
124086 | Zig:5    | Identified the cursed -5 cloak of Itoeg {+Fly rElec Dex+5 Slay+6} (You found it on level 5 of a ziggurat)
124137 | Zig:6    | Entered Level 6 of a ziggurat
124205 | Zig:7    | Entered Level 7 of a ziggurat
124445 | Zig:7    | Got a polished dagger
124446 | Zig:7    | Identified the +7 dagger "Molaudaw" {antimagic, -Cast +Twstr +Blink +Rage Stlth-} (You found it on level 7 of a ziggurat)
124614 | Hell     | Entered the Vestibule of Hell
124614 | Hell     | Noticed Geryon
124857 | Depths:2 | Mangled by a reaper

Action                   |  1- 3 |  4- 6 |  7- 9 | 10-12 | 13-15 | 16-18 | 19-21 | 22-24 | 25-27 || total
-------------------------+-------+-------+-------+-------+-------+-------+-------+-------+-------++-------
Melee: Dagger            |    95 |       |       |       |       |       |       |       |       ||    95
       Short sword       |     2 |    99 |   458 |   511 |   514 |       |       |       |       ||  1584
       Rapier            |       |       |       |       |   730 |  1461 |  1174 |  1618 |   543 ||  5526
       Unarmed           |       |       |       |       |       |       |       |       |     5 ||     5
 Fire: Blowgun           |       |       |       |       |     7 |       |    16 |     9 |       ||    32
Throw: Tomahawk          |       |       |     1 |     7 |     4 |       |       |       |       ||    12
       Throwing net      |       |       |       |       |       |       |     2 |     5 |       ||     7
 Cast: Corona            |    16 |    17 |     5 |       |       |       |       |       |       ||    38
       Ensorcelled Hiber |     5 |    17 |    59 |    59 |   257 |    50 |    28 |    39 |    19 ||   533
       Confuse           |       |    11 |    57 |    82 |   226 |   506 |   464 |   427 |   148 ||  1921
       Dazzling Spray    |       |     1 |     6 |    60 |   156 |   116 |    68 |    30 |     4 ||   441
       Enslavement       |       |       |     1 |     8 |     6 |     3 |     3 |     4 |       ||    25
       Sure Blade        |       |       |       |     2 |     1 |       |       |       |       ||     3
       Summon Mana Viper |       |       |       |       |       |    72 |   117 |    44 |     5 ||   238
       Iskenderun's Myst |       |       |       |       |       |     2 |    62 |    87 |    87 ||   238
       Invisibility      |       |       |       |       |       |     1 |       |     1 |       ||     2
       Cause Fear        |       |       |       |       |       |     1 |     1 |     1 |       ||     3
       Freezing Cloud    |       |       |       |       |       |       |    73 |    34 |    29 ||   136
       Mephitic Cloud    |       |       |       |       |       |       |    70 |    66 |    11 ||   147
       Orb of Destructio |       |       |       |       |       |       |       |    77 |    21 ||    98
       Iron Shot         |       |       |       |       |       |       |       |    60 |   251 ||   311
       Spectral Weapon   |       |       |       |       |       |       |       |    24 |     7 ||    31
       Regeneration      |       |       |       |       |       |       |       |    12 |    35 ||    47
       Sublimation of Bl |       |       |       |       |       |       |       |       |    33 ||    33
Invok: Shadow Step       |       |       |       |       |     5 |       |     2 |    11 |    13 ||    31
 Abil: Evoke Flight      |       |       |       |       |       |     8 |     5 |     3 |       ||    16
       Spit Poison       |       |       |       |       |       |       |       |     2 |       ||     2
       Evoke Teleport Co |       |       |       |       |       |       |       |     4 |     5 ||     9
       Evoke Teleportati |       |       |       |       |       |       |       |     3 |     1 ||     4
       Evoke Blink       |       |       |       |       |       |       |       |       |     1 ||     1
       Evoke Twister     |       |       |       |       |       |       |       |       |     1 ||     1
Evoke: Wand              |       |       |       |       |       |     1 |       |     1 |    10 ||    12
       Rod               |       |       |       |       |       |       |       |     6 |       ||     6
       Phial of floods   |       |       |       |       |       |       |       |     1 |     1 ||     2
       Stone of tremors  |       |       |       |       |       |       |       |     1 |     2 ||     3
       Sack of spiders   |       |       |       |       |       |       |       |       |     3 ||     3
  Use: Scroll            |       |       |    25 |     6 |    19 |     7 |    10 |    10 |    28 ||   105
       Potion            |       |       |       |       |     1 |     1 |     2 |     5 |     9 ||    18
 Stab: Sleeping          |    16 |    15 |    94 |   118 |   357 |   155 |   122 |   110 |    70 ||  1057
       Confused          |       |     7 |    52 |    46 |   133 |   298 |   236 |   266 |    96 ||  1134
       Invisible         |       |       |     2 |    13 |    26 |    26 |    10 |     7 |    11 ||    95
       Distracted        |       |       |     3 |     1 |     6 |     5 |    13 |    20 |     4 ||    52
       Held in net/web   |       |       |       |       |       |       |       |     1 |     1 ||     2
  Eat: Bread ration      |       |       |     1 |     1 |       |       |     5 |     5 |     3 ||    15
       Fruit             |       |       |       |     8 |    18 |    17 |     4 |     7 |       ||    54
       Pizza             |       |       |       |       |     1 |     1 |     2 |     1 |       ||     5
       Royal jelly       |       |       |       |       |       |       |     2 |     4 |     3 ||     9
